 Dungeon Crawl Stone Soup version 0.27-b1-16-g6517624069 (webtiles) character file.

Game seed: 18068472454747663776

846 ZARRMARR the Cudgeller (level 7, -6/91 HPs)
             Began as a Minotaur Berserker on July 27, 2021.
             Was a Priest of Trog.
             Mangled by Theophrastus's ghost (7 damage)
             ... on level 4 of the Dungeon.
             The game lasted 00:34:50 (4454 turns).

ZARRMARR the Cudgeller (Minotaur Berserker)         Turns: 4454, Time: 00:34:52

Health: -6/91      AC: 12    Str: 21    XL:     7   Next: 68%
Magic:  6/6        EV: 12    Int:  4    God:    Trog [***...]
Gold:   280        SH:  0    Dex: 12    Spells: 6/6 levels left

rFire    . . .     SeeInvis .   j - +1 flail (protect)
rCold    . . .     Faith    .   (no shield)
rNeg     . . .     Spirit   .   s - +2 leather armour {Will+}
rPois    .         Reflect  .   (helmet restricted)
rElec    .         Harm     .   (no cloak)
rCorr    .         Rampage  .   (no gloves)
Will     +....                  (no boots)
Stlth    ..........             (no amulet)
HPRegen  0.25/turn              (no ring)
MPRegen  0.10/turn              (no ring)

@: berserking (expiring), under a protective aura, hasted, very quick
A: horns 2, retaliatory headbutt
a: Renounce Religion, Berserk, Trog's Hand


You were on level 4 of the Dungeon.
You worshipped Trog.
Trog was most pleased with you.
You visited 1 branch of the dungeon, and saw 4 of its levels.

You collected 280 gold pieces.

Inventory:

Hand Weapons
 j - a +1 flail of protection (weapon)
 o - a +1 short sword of freezing
 u - a +2 dagger of draining
 v - a +0 hunting sling
Missiles
 e - 4 poisoned darts (quivered)
 f - 48 bolts
 g - 65 sling bullets
 l - 17 arrows
 q - 65 stones
Armour
 s - a +2 leather armour of willpower (worn)
Wands
 a - a wand of flame (10)
 r - a wand of iceblast (6)
Scrolls
 c - 2 scrolls of vulnerability
 h - 2 scrolls of noise
 m - a scroll of blinking
 n - 2 scrolls of immolation
Potions
 b - a potion of heal wounds {unknown}
 i - a potion of invisibility {unknown}
 k - 3 potions of attraction {unknown}
 p - a potion of cancellation {unknown}
 t - a potion of magic {unknown}
 x - a potion of might {unknown}
 z - a potion of ambrosia {unknown}


   Skills:
 + Level 5.3 Fighting
 + Level 7.1 Maces & Flails
 + Level 4.4 Throwing
 + Level 4.1 Armour
 + Level 3.3 Dodging
 + Level 1.1 Stealth


You had 6 spell levels left.
You didn't know any spells.
Your spell library contained the following spells:

 Spells                   Type           Power      Damage    Failure   Level
 Animate Skeleton         Necr           0%         N/A       54%         1
 Pain                     Necr           0%         1d4       54%         1
 Vampiric Draining        Necr           0%         2d6       89%         3


Dungeon Overview and Level Annotations

Branches:
Dungeon (4/15)
 Temple: D:4-7

Altars:

Shops:
D:3 *

Annotations:
D:4 Iceytheknight's ghost, amateur MiFi; Theophrastus's ghost, amateur GrFi; velxir3's ghost, amateur DsFi


Innate Abilities, Weirdness & Mutations

You have a pair of horns on your head.
You reflexively headbutt those who attack you in melee.


Message History

GraeshgroMalekh's ghost hits you. Theophrastus's ghost hits you!
Iceytheknight's ghost hits you but does no damage.
Your Maces & Flails skill increases to level 7!
Your Throwing skill increases to level 4!
Your Stealth skill increases to level 1!
You miss GraeshgroMalekh's ghost.
GraeshgroMalekh's ghost is heavily damaged.
Velxir3's ghost completely misses you. Theophrastus's ghost hits you.
GraeshgroMalekh's ghost closely misses you.
You furiously retaliate!
You headbutt GraeshgroMalekh's ghost, but do no damage.
Iceytheknight's ghost hits you.
You are electrocuted!!
* * * LOW HITPOINT WARNING * * *
You bludgeon GraeshgroMalekh's ghost!!
GraeshgroMalekh's ghost is almost destroyed.
Velxir3's ghost barely misses you. You furiously retaliate!
You headbutt velxir3's ghost!
You barely miss GraeshgroMalekh's ghost.
GraeshgroMalekh's ghost is almost destroyed.
GraeshgroMalekh's ghost hits you.
* * * LOW HITPOINT WARNING * * *
Theophrastus's ghost hits you.
* * * LOW HITPOINT WARNING * * *
Iceytheknight's ghost barely misses you.
Velxir3's ghost hits you.
* * * LOW HITPOINT WARNING * * *
You closely miss GraeshgroMalekh's ghost.
Your headbutt misses GraeshgroMalekh's ghost.
GraeshgroMalekh's ghost is almost destroyed.
GraeshgroMalekh's ghost hits you!
* * * LOW HITPOINT WARNING * * *
Theophrastus's ghost hits you but does no damage.
Iceytheknight's ghost barely misses you.
You sock GraeshgroMalekh's ghost!
You destroy GraeshgroMalekh's ghost!
Trog accepts your kill. Velxir3's ghost hits you.
* * * LOW HITPOINT WARNING * * *
Theophrastus's ghost hits you!
You die...

#...#####.#.########.............
#...# #.#.##)$8($#######.......
#...# #.###8.....8## #.......
....# #.##........(# #.......
#.#.# #.##........[# #.......
....### #.##8.......8# ##.######
......# #.##........?# #......##
....#.###.#####WWW#### #........
....#.....#.#...@....# #......##
....#######.#.....##.# #.......#
............#.....##.## #........
..)......####.........# ##.#.....
...............#......# #.#.....
.........####.##......####.#.####
.........# #.##.........#.#.####
...#.##### #.##.........#.#.#...
...#.########.##.........#.#.#.##


You could see Iceytheknight's ghost, Theophrastus's ghost and velxir3's ghost.

Vanquished Creatures
  Grinder (D:4)
  The ghost of Urokeeper the Cudgeller, an amateur GrGl (D:4)
  The ghost of GraeshgroMalekh the Chopper, an amateur MiGl of Uskayaw (D:4)
  A scorpion (D:4)
  A hound (D:4)
  A jelly (D:4)
  A bullfrog skeleton (D:4)
  Terence (D:2)
  Ijyb (D:3)
  Natasha (thrice) (D:2)
  An iguana (D:4)
  An orc wizard (D:3)
  6 adders
  2 dart slugs
  4 worms
  3 orcs (D:3)
  3 bats
  6 endoplasms
  5 giant cockroaches (D:1)
  7 goblins
  6 hobgoblins
  11 jackals
  9 kobolds
  8 quokkas
  8 ball pythons
  2 frilled lizards
  5 rats
99 creatures vanquished.

Notes
Turn   | Place    | Note
-------+----------+-------------------------------------------
     0 | D:1      | ZARRMARR the Minotaur Berserker began the quest for the
                  | Orb.
     0 | D:1      | Reached XP level 1. HP: 19/19 MP: 0/0
    30 | D:1      | Reached XP level 2. HP: 21/27 MP: 1/1
    38 | D:1      | Reached skill level 4 in Maces & Flails
   167 | D:1      | Found a faded altar of an unknown god.
   619 | D:1      | Reached XP level 3. HP: 31/33 MP: 2/2
  1257 | D:2      | Reached ** piety under Trog
  1261 | D:2      | Noticed Natasha
  1270 | D:2      | Killed Natasha
  1281 | D:2      | Noticed Natasha
  1287 | D:2      | Killed Natasha
  1288 | D:2      | Reached skill level 5 in Maces & Flails
  1288 | D:2      | Reached XP level 4. HP: 19/41 MP: 3/3
  1504 | D:2      | Noticed Terence
  1515 | D:2      | Killed Terence
  1694 | D:2      | Noticed Natasha
  1715 | D:2      | Killed Natasha
  1716 | D:2      | Reached XP level 5. HP: 27/47 MP: 4/4
  2235 | D:3      | Noticed Ijyb
  2251 | D:3      | Killed Ijyb
  2494 | D:3      | Reached skill level 1 in Throwing
  2539 | D:3      | Found Fuassemuba's Assorted Antiques.
  2617 | D:3      | Reached skill level 5 in Fighting
  2837 | D:4      | Reached XP level 6. HP: 56/56 MP: 5/5
  2916 | D:4      | Noticed Grinder
  2919 | D:4      | Reached skill level 6 in Maces & Flails
  2941 | D:4      | Killed Grinder
  3183 | D:4      | Reached XP level 7. HP: 61/61 MP: 6/6
  3453 | D:4      | Found a runed translucent gate.
  3454 | D:4      | Found a runed translucent gate.
  3454 | D:4      | Found a runed translucent gate.
  3454 | D:4      | Noticed Urokeeper's ghost (amateur GrGl)
  3454 | D:4      | Noticed Iceytheknight's ghost (amateur MiFi)
  3456 | D:4      | Noticed GraeshgroMalekh's ghost (amateur MiGl)
  3456 | D:4      | Noticed Theophrastus's ghost (amateur GrFi)
  3457 | D:4      | Noticed velxir3's ghost (amateur DsFi)
  3995 | D:4      | Reached *** piety under Trog
  4449 | D:4      | Killed Urokeeper's ghost
  4450 | D:4      | Reached skill level 7 in Maces & Flails
  4450 | D:4      | Reached skill level 1 in Stealth
  4453 | D:4      | HP: 2/91 [GraeshgroMalekh's ghost (10)]
  4454 | D:4      | Killed GraeshgroMalekh's ghost
  4454 | D:4      | Mangled by Theophrastus's ghost

Illustrated notes

Levels and vault maps discovered:
D:1:      minmay_arrival_five_plusses, layout_loops_ring,
          ebering_ecumenical_altar_box, dk_noncrumbling_4
D:2:      layout_rooms, uniq_terence, uniq_natasha
D:3:      layout_rooms, serial_shops, shop, uniq_ijyb
D:4:      layout_basic, gammafunk_ghost_cemetery, corexii_shack,
          grunt_decor_clamped, uniq_grinder

Skill      XL: |  1  2  3  4  5  6  7 |
---------------+----------------------+-----
Maces & Flails | 4 5 6 7 |  7.1
Fighting       | 4 5 |  5.3
Armour         | 3 4 |  4.1
Throwing       | 1 3 4 |  4.4
Dodging        | 3 |  3.3
Stealth        | 1 |  1.1

Action                   |  1- 3 |  4- 6 |  7- 9 || total
-------------------------+-------+-------+-------++-------
Melee: Mace              |    63 |    25 |       ||    88
       Headbutt          |    11 |    17 |     6 ||    34
       Flail             |       |    75 |    53 ||   128
Throw: Dart              |       |    66 |    36 ||   102
       Stone             |       |     2 |    18 ||    20
Invok: Berserk           |     2 |     5 |     1 ||     8
       Trog's Hand       |     1 |     2 |       ||     3
  Use: Scroll            |     2 |     2 |     1 ||     5
       Potion            |       |       |     1 ||     1
 Stab: Sleeping          |       |       |     1 ||     1
Armor: Animal skin       |     6 |       |       ||     6
       Leather armour    |     5 |    14 |    14 ||    33
       Ring mail         |     3 |    19 |       ||    22
Dodge: Dodged            |    28 |    53 |    23 ||   104
